 Dungeon Crawl Stone Soup version 0.29.0-4-gdea44cf6ec (webtiles) character file.

Game seed: 10166234021270370346

134 qw the Chopper (level 5, 0/30 HPs)
             Began as a Tengu Warper on Aug 28, 2022.
             Slain by Grinder (5 damage)
             ... on level 3 of the Dungeon.
             The game lasted 00:00:14 (2400 turns).

qw the Chopper (Tengu Warper)                       Turns: 2400, Time: 00:00:14

Health: 0/30       AC:  6    Str: 13    XL:     5   Next: 17%
Magic:  0/9        EV: 11    Int: 14    God:
Gold:   125        SH:  0    Dex: 13    Spells: 8/8 levels left

rFire   . . .      SeeInvis .   Y - +1 hand axe (vamp)
rCold   . . .      Faith    .   (no shield)
rNeg    . . .      Spirit   +   i - +0 scale mail
rPois   .          Reflect  .   (helmet restricted)
rElec   .          Harm     .   (no cloak)
rCorr   .          Rampage  .   (no gloves)
Will    .....                   (boots unavailable)
Stlth   ..........              a - amulet of guardian spirit
HPRegen 0.10/turn               (no ring)
MPRegen 0.11/turn               (no ring)

@: flying quickly and evasively, quick
A: beak, talons 3, nimble flight
a: no special abilities


You were on level 3 of the Dungeon.
You visited 1 branch of the dungeon, and saw 3 of its levels.

You collected 125 gold pieces.


Innate Abilities, Weirdness & Mutations

You have a beak for a mouth.
You have claws for feet.
Your magical nature lets you fly swiftly and evasively.


   Skills:
 - Level 2.0 Fighting
 + Level 5.7 Axes
 - Level 1.0 Throwing
 - Level 1.1 Armour
 - Level 2.1 Dodging
 - Level 2.0 Spellcasting
 - Level 2.4 Translocations


You had 8 spell levels left.
You didn't know any spells.
Your spell library contained the following spells:

 Spells                   Type           Power      Damage    Failure   Level
 Blink                    Tloc           16%        N/A       54%         2
 Gell's Gravitas          Tloc           8%         N/A       78%         3
 Lesser Beckoning         Tloc           8%         N/A       78%         3
 Teleport Other           Tloc           8%         N/A       78%         3
 Manifold Assault         Tloc           8%         N/A       100%        5

Inventory:

Hand Weapons
 d - a +0 whip
 Y - a +1 vampiric hand axe (weapon)
Armour
 i - a +0 scale mail (worn)
Jewellery
 a - an amulet of guardian spirit (around neck)
Potions
 b - a potion of curing {unknown}
 e - a potion of brilliance {unknown}

Dungeon Overview and Level Annotations

Branches:
Dungeon (3/15)

Altars:

Annotations:
D:2 1 runed translucent door, Crazy Yiuf
D:3 Grinder


Message History

You feel much better. Grinder gestures at you. Pain shoots through your body!
You closely miss Grinder. Your peck misses Grinder.
Grinder is lightly wounded.
Grinder blinks!
Grinder hits you.
You hit Grinder. Your kick misses Grinder.
Grinder is lightly wounded.
Grinder says, "Tell me all your secrets, or I'll kill you."
Grinder gestures at you. Pain shoots through your body!
You slash Grinder! You claw Grinder.
Grinder is heavily wounded.
Grinder hits you.
You writhe in agony.
You hit Grinder. Your kick misses Grinder.
Grinder is severely wounded.
Grinder says, "Don't move a muscle."
Grinder hits you.
You writhe in agony.
2390 ||| DRINKING potion of heal wounds.
You feel much better. Grinder hits you!
You hit Grinder but do no damage.
Grinder is severely wounded.
Grinder blinks!
Grinder hits you but does no damage.
You hit Grinder.
Grinder is severely wounded.
Grinder blinks!
2396 ||| Stepping ~*~*~tactically~*~*~ (hiding).
You hit Grinder. You claw Grinder.
Grinder is almost dead.
Grinder hits you.
You writhe in agony.
You closely miss Grinder. You claw Grinder, but do no damage.
Grinder is almost dead.
Grinder hits you!
You completely miss Grinder. Your kick misses Grinder.
Grinder is almost dead.
Grinder hits you.
You die...

##......#####......#
###.....#...#..###.#.#
+....[..#.#.#.#..#.#.#
##......#.#.#.#..#.#.#
##......#.#.#.#..#.#.#
##.#....#.#<#.#..#.#.#
#.######.###.#..#.#.#
#.#.%....#......#.#.#
##.#.######.#...@#.#.############
...)............5...............>
##.#.######.#...################.
#[#.# #.#....# #. #.#.# #.#....#
#. #.#.# #.##..... #.
##.#.######'##.#.#.. #.
...#.........#...... #.
..#....###...#####.#. #.


You could see Grinder.

Vanquished Creatures
  A jelly (D:2)
  Jessica (D:2)
  An adder (D:2)
  A gnoll (D:1)
  A worm (D:2)
  2 dart slugs (D:2)
  4 ball pythons
  5 endoplasms
  3 giant cockroaches (D:1)
  5 goblins
  5 hobgoblins
  2 jackals (D:1)
  8 bats
  A frilled lizard (D:2)
  7 kobolds
  2 rats (D:1)
49 creatures vanquished.

Notes
Turn   | Place    | Note
-------+----------+-------------------------------------------
     0 | D:1      | qw the Tengu Warper began the quest for the Orb.
     0 | D:1      | Reached XP level 1. HP: 12/12 MP: 4/4
     0 | D:1      | 0 ||| qw: Version: 0.1-a-89-g26bdef1
     0 | D:1      | 0 ||| qw: Game counter: 34
     0 | D:1      | 0 ||| qw: Always use a shield: true
     0 | D:1      | 0 ||| qw: God list: Okawaru
     0 | D:1      | 0 ||| qw: Allow faded altars: false
     0 | D:1      | 0 ||| qw: Do Orc after D:15 true
     0 | D:1      | 0 ||| qw: Do second Lair branch before Depths: true
     0 | D:1      | 0 ||| qw: Lair rune preference: random
     0 | D:1      | 0 ||| qw: Plans: Normal
     0 | D:1      | 0 ||| PLANNING D:1-11
    90 | D:1      | 90 ||| Stepping ~*~*~tactically~*~*~ (stealth).
    95 | D:1      | Reached XP level 2. HP: 14/17 MP: 6/6
    99 | D:1      | Reached skill level 3 in Axes
   316 | D:1      | Reached XP level 3. HP: 15/21 MP: 7/7
   453 | D:1      | 453 ||| Stepping ~*~*~tactically~*~*~ (stealth).
   454 | D:1      | 454 ||| Stepping ~*~*~tactically~*~*~ (stealth).
   455 | D:1      | 455 ||| Stepping ~*~*~tactically~*~*~ (stealth).
   561 | D:1      | Reached skill level 4 in Axes
  1010 | D:1      | 1010 ||| UPGRADING to +0 scale mail.
  1020 | D:1      | 1020 ||| DROPPING +0 leather armour.
  1021 | D:1      | 1021 ||| READING scroll labelled GUSHRU URGHEDDILEL.
  1022 | D:1      | 1022 ||| READING 2 scrolls labelled CEUKORYENT.
  1023 | D:1      | 1023 ||| READING scroll labelled UPIYWK QEOBRAV.
  1024 | D:1      | 1024 ||| READING scroll labelled XOICKAUDAG.
  1028 | D:1      | 1028 ||| READING scroll labelled ANUUSCH FESIOS.
  1029 | D:1      | 1029 ||| DROPPING scroll of blinking.
  1030 | D:1      | 1030 ||| DROPPING scroll of amnesia.
  1106 | D:2      | Reached XP level 4. HP: 20/26 MP: 8/8
  1208 | D:2      | Noticed Jessica
  1214 | D:2      | Killed Jessica
  1215 | D:2      | Reached skill level 5 in Axes
  1370 | D:2      | 1370 ||| Stepping ~*~*~tactically~*~*~ (stealth).
  1371 | D:2      | 1371 ||| Stepping ~*~*~tactically~*~*~ (stealth).
  1390 | D:2      | Gained mutation: Your magical nature lets you fly swiftly
                  | and evasively. [Tengu growth]
  1390 | D:2      | Reached XP level 5. HP: 22/30 MP: 9/9
  1985 | D:2      | Found a runed translucent door.
  1986 | D:2      | Noticed Crazy Yiuf
  2033 | D:2      | 2033 ||| UPGRADING to amulet of guardian spirit.
  2038 | D:2      | 2038 ||| READING 3 scrolls labelled XIMEFU WELOO.
  2039 | D:2      | 2039 ||| READING 2 scrolls of brand weapon.
  2039 | D:2      | 2039 ||| BRANDING +1 hand axe of draining.
  2040 | D:2      | 2040 ||| READING scroll of brand weapon.
  2040 | D:2      | 2040 ||| BRANDING +1 hand axe of freezing.
  2366 | D:3      | Noticed Grinder
  2367 | D:3      | 2367 ||| Stepping ~*~*~tactically~*~*~ (hiding).
  2371 | D:3      | 2371 ||| Stepping ~*~*~tactically~*~*~ (hiding).
  2383 | D:3      | HP: 4/30 [Grinder (4)]
  2384 | D:3      | 2384 ||| DRINKING 2 potions of heal wounds.
  2389 | D:3      | HP: 5/30 [Grinder (3)]
  2389 | D:3      | HP: 2/30 [Grinder (3)]
  2390 | D:3      | 2390 ||| DRINKING potion of heal wounds.
  2396 | D:3      | 2396 ||| Stepping ~*~*~tactically~*~*~ (hiding).
  2399 | D:3      | HP: 5/30 [Grinder (6)]
  2400 | D:3      | Slain by Grinder

Levels and vault maps discovered:
D:1:      scummos_arrival_simple_crosswalls, layout_basic,
          minmay_misc_feat_square
D:2:      layout_basic, minmay_tree_intersection, uniq_jessica,
          uniq_crazy_yiuf_cottage
D:3:      layout_basic, nicolae_overflow_squiral,
          mainiacjoe_overflow_large_starburst, uniq_grinder

Skill      XL: |  1  2  3  4 |
---------------+-------------+-----
Axes           | 3 4 5 |  5.7
Fighting       | |  2.0
Throwing       | |  1.0
Armour         | |  1.1
Dodging        | |  2.1
Spellcasting   | |  2.0
Translocations | |  2.4

Action                   |  1- 3 |  4- 6 || total
-------------------------+-------+-------++-------
Melee: Hand axe          |    69 |    74 ||   143
       Kick              |    17 |    15 ||    32
       Peck              |     6 |    15 ||    21
Throw: Boomerang         |     7 |       ||     7
  Use: Scroll            |     5 |     3 ||     8
       Potion            |       |     2 ||     2
Armor: Leather armour    |     8 |       ||     8
       Scale mail        |     3 |    22 ||    25
Dodge: Dodged            |    36 |    18 ||    54

Table legend:
 A = Non-vault XP
 B = Vault XP
 C = Vault XP percentage of total XP
 D = Non-vault monster count
 E = Vault monster count
 F = Vault count percentage of total count
                 A         B        C        D         E       F
            +---------+---------+-------+---------+---------+-------
      Total |     155 |      37 |  19.3 |      48 |       1 |   2.0
            +---------+---------+-------+---------+---------+-------
        D:1 |      61 |       0 |   0.0 |      28 |       0 |   0.0
        D:2 |      88 |      37 |  29.6 |      16 |       1 |   5.9
        D:3 |       6 |       0 |   0.0 |       4 |       0 |   0.0
            +---------+---------+-------+---------+---------+-------
